 Dungeon Crawl Stone Soup version 0.30-a0-777-ga9a30cbeda (webtiles) character file.

Game seed: 16319333315027815858

23 Twinkles the Vexing (level 3, -1/27 HPs)
             Began as a Formicid Hexslinger on Feb 14, 2023.
             Succumbed to an adder's poison
             ... on level 2 of the Dungeon.
             The game lasted 00:04:18 (545 turns).

Twinkles the Vexing (Formicid Hexslinger)            Turns: 545, Time: 00:04:19

Health: -1/27      AC:  2    Str: 14    XL:     3   Next: 12%
Magic:  5/5        EV: 12    Int: 14    God:
Gold:   13         SH:  0    Dex: 14    Spells: 3/4 levels left

rFire   . . .      SeeInvis +    a - +1 sling
rCold   . . .      Faith    .    (no shield)
rNeg    . . .      Spirit   .    c - +0 robe
rPois   .          Reflect  .    (helmet unavailable)
rElec   .          Harm     .    (no cloak)
rCorr   .          Rampage  .    (no gloves)
Will    .....                    (no boots)
Stlth   ++                       (no amulet)
HPRegen 0.24/turn                (no ring)
MPRegen 0.09/turn                (no ring)

@: lethally poisoned (-1 -> -11)
A: permanent stasis, dig shafts and tunnels, antennae 3, four strong arms
a: Dig, Shaft Self


You were on level 2 of the Dungeon.
You visited 1 branch of the dungeon, and saw 2 of its levels.

You collected 13 gold pieces.

Inventory:

Hand Weapons
 a - a +1 sling (weapon)
Missiles
 f - 2 poisoned darts
Armour
 c - a +0 robe (worn)
Scrolls
 b - a scroll of poison
 d - a scroll of enchant weapon {unknown}
 g - a scroll of amnesia {unknown}
 h - a scroll of enchant armour {unknown}
 i - a scroll of fear {unknown}
Potions
 e - a potion of ambrosia {unknown}


   Skills:
 + Level 1.7 Fighting
 + Level 2.3 Ranged Weapons
 + Level 0.5 Armour
 - Level 2.0 Dodging
 + Level 0.7 Stealth
 - Level 1.3 Spellcasting
 - Level 3.8 Hexes


You had 3 spell levels left.
You knew the following spells:

 Your Spells              Type           Power      Damage    Failure   Level
a - Slow                  Hex            44%        N/A       5%          1

Your spell library contained the following spells:

 Spells                   Type           Power      Damage    Failure   Level
 Inner Flame              Hex/Fire       6%         N/A       34%         3
 Portal Projectile        Hex/Tloc       12%        N/A       34%         3
 Cause Fear               Hex            5%         N/A       47%         4


Dungeon Overview and Level Annotations

Branches:
Dungeon (2/15) Zot: 11430

Altars:
The Shining One

Shops:
D:2 :


Innate Abilities, Weirdness & Mutations

You cannot be hasted, slowed, berserked, paralysed or teleported.
You can dig through walls and to a lower floor.
You have a pair of large antennae on your head. (SInv)
Your four strong arms can wield two-handed weapons with a shield.


Message History

You feel sick. The adder barely misses you. The adder closely misses you.
You shoot a sling bullet.
The sling bullet closely misses the adder.
The sling bullet hits the kobold.
You kill the kobold!
You feel sick. The adder bites you but does no damage. The adder bites you.
You are more poisoned.
The adder poisons you!
You shoot a sling bullet.
The sling bullet closely misses the adder.
The sling bullet hits the fungus!
The fungus begins to die.
The fungus is lightly damaged.
You feel very sick. The adder bites you.
You are too injured to fight recklessly!
You are too injured to fight recklessly!
You shoot a sling bullet.
The sling bullet barely misses the adder.
The sling bullet hits the fungus.
The fungus is lightly damaged.
You feel sick. The adder bites you. The adder closely misses you.
You shoot a sling bullet.
The sling bullet completely misses the adder.
The sling bullet hits the fungus.
The fungus is lightly damaged.
You feel sick. The adder misses you. The adder bites you.
* * * LOW HITPOINT WARNING * * *
You are lethally poisoned!
The adder poisons you!
You shoot a sling bullet. The sling bullet misses the adder.
The sling bullet hits the fungus.
The fungus is lightly damaged.
* * * LOW HITPOINT WARNING * * *
You feel sick.
A nearby fungus withers and dies.
The adder bites you.
* * * LOW HITPOINT WARNING * * *
You are more poisoned.
The adder poisons you!
You shoot a sling bullet. The sling bullet hits the adder.
The adder is almost dead.
You die...

........# #....########'#
.P⌠~~.## #....# #.# ...~..##
########### #.#
#.~...######......###.#
#.~........'......+....
#)⌠.########......###..
.⌠.###.~.......#'......'∩...
..~.P..P~.#####.##......####.
...⌠~⌠.~⌠.)S@....'......'..+.
..........#####.##......####.
.....###### #.#........###.
....# #.#.######.##.. ....
#>#...#..#.##.# ...
#.###.......#.#
#.########..#.#
#...........#.. #########.###


You could see an adder.

Vanquished Creatures
  A dart slug (D:2)
  2 endoplasms
  A giant cockroach (D:2)
  A hobgoblin (D:2)
  4 jackals (D:1)
  2 quokkas (D:1)
  A bat (D:1)
  2 goblins (D:2)
  2 kobolds
  3 rats (D:2)
19 creatures vanquished.

Vanquished Creatures (others)
  A fungus (D:2)
1 creature vanquished.

Grand Total: 20 creatures vanquished

Notes
Turn   | Place    | Note
-------+----------+-------------------------------------------
     0 | D:1      | Twinkles the Formicid Hexslinger began the quest for the
                  | Orb.
     0 | D:1      | Reached XP level 1. HP: 15/15 MP: 2/2
    33 | D:1      | HP: 4/15 [jackal (1)]
    36 | D:1      | Reached XP level 2. HP: 4/21 MP: 3/3
    40 | D:1      | HP: 2/21 [jackal (1)]
   209 | D:1      | You fall into a shaft and drop 1 floor!
   223 | D:2      | Found Toops's Book Shop.
   276 | D:2      | Found a glowing golden altar of the Shining One.
   522 | D:2      | Reached XP level 3. HP: 27/27 MP: 5/5
   543 | D:2      | HP: 7/27 [adder (3)]
   544 | D:2      | HP: 2/27 [adder (3)]
   545 | D:2      | Succumbed to an adder's poison

Illustrated notes

Levels and vault maps discovered:
D:1:      minmay_arrival_open_corners, layout_loops_cross, minmay_tripent
D:2:      layout_basic, basic_altar, serial_shops, shop,
          shapermc_ecumenical_altar_acropolis

Skill      XL: |  1  2 |
---------------+-------+-----
Dodging        | 2 |  2.0
Fighting       | |  1.7
Ranged Weapons | |  2.3
Armour         | |  0.5
Stealth        | |  0.7
Spellcasting   | |  1.3
Hexes          | |  3.8

Action                     || total
---------------------------++-------
   Fire: Sling             ||    84
 Armour: Robe              ||    12
  Dodge: Dodged            ||    40

Table legend: (Time is in decaauts)
 A = Elapsed time spent in this place.
 B = Non-inter-level travel time spent in this place.
 C = Inter-level travel time spent in this place.
 D = Time resting spent in this place.
 E = Time spent auto-exploring this place.
 F = Levels seen in this place.
 G = Mean time per level.
                   A        B        C        D        E       F      G
               +--------+--------+--------+--------+--------+-----+--------+
         Total |    569 |    569 |      0 |      0 |    410 |   2 |  284.5 |
       Dungeon |    569 |    569 |      0 |      0 |    410 |   2 |  284.5 |
               +--------+--------+--------+--------+--------+-----+--------+

Top non-repeatable levels by time:
     D:2: 349 daAuts
     D:1: 220 daAuts
